 Dungeon Crawl Stone Soup version 0.24-a0-429-g4608c8fa30 (webtiles) character file.

Game seed: 5447278561715102534

235 Amnesiac the Poker (level 6, -15/44 HPs)
             Began as a Merfolk Skald on June 13, 2019.
             Was an Initiate of Okawaru.
             Demolished by an ogre
             ... wielding a +0 giant spiked club
              (24 damage)
             ... on level 4 of the Dungeon.
             The game lasted 00:07:51 (2890 turns).

Amnesiac the Poker (Merfolk Skald)                  Turns: 2890, Time: 00:07:52

Health: -15/44     AC:  4    Str: 12    XL:     6   Next: 5%
Magic:  9/9        EV: 12    Int: 17    God:    Okawaru [......]
Gold:   211        SH:  0    Dex: 15    Spells: 5/9 levels left

rFire    + . .     SeeInvis .   e - +2 dagger (elec)
rCold    + . .     Gourm    .   (no shield)
rNeg     . . .     Faith    .   b - +0 leather armour
rPois    +         Spirit   .   (no helmet)
rElec    +         Reflect  .   p - +0 cloak
rCorr    +         Harm     .   (no gloves)
MR       .....                  (no boots)
Stlth    +.........             (no amulet)
HPRegen  0.14/turn              (no ring)
MPRegen  0.11/turn              (no ring)

@: brilliant, resistant
A: change form in water, swift swim, stealthy swim
a: Renounce Religion


You were on level 4 of the Dungeon.
You worshipped Okawaru.
Okawaru was noncommittal.
You were hungry.

You visited 2 branches of the dungeon, and saw 5 of its levels.

You collected 211 gold pieces.

Inventory:

Hand Weapons
 a - a +0 spear
 e - a +2 dagger of electrocution (weapon)
Missiles
 i - 6 boomerangs of dispersal (quivered)
 n - 33 poisoned darts
 o - 4 atropa-tipped darts
Armour
 b - a +0 leather armour (worn)
 p - a +0 cloak (worn)
Wands
 t - a wand of iceblast (5)
Scrolls
 c - 2 scrolls of identify {!r, unknown}
 g - 3 scrolls of fog {!r, unknown}
 h - a scroll of enchant weapon {!r, unknown}
 l - a scroll of random uselessness {!r, unknown}
 u - a scroll of teleportation {!r, unknown}
 x - a scroll of remove curse {!r, unknown}
Potions
 f - a potion of resistance {!q}
 j - a potion of cancellation {!q, unknown}
 k - a potion of heal wounds {!q, unknown}
 m - a potion of magic {!q, unknown}
 q - a potion of ambrosia {!q, unknown}
 r - a potion of curing {!q}
 v - 2 potions of brilliance {!q}
 w - a potion of degeneration {!q, unknown}
Comestibles
 d - 3 rations


   Skills:
 - Level 2.1 Fighting
 * Level 5.6 Polearms
 - Level 0.6 Armour
 - Level 2.6 Dodging
 + Level 2.1 Spellcasting
 + Level 3.4 Hexes
 - Level 4.5 Charms


You had 5 spell levels left.
You knew the following spells:

 Your Spells              Type           Power        Failure   Level  Hunger
a - Infusion              Chrm           ####         1%          1    #......
e - Spectral Weapon       Hex/Chrm       ####....     1%          3    ###....

Your spell library contained the following spells:

 Spells                   Type           Power        Failure   Level  Hunger
 Shroud of Golubria       Chrm/Tloc      ###...       1%          2    ###....
 Song of Slaying          Chrm           ####....     1%          2    ###....
 Regeneration             Chrm/Necr      ###.......   3%          3    ###....


Dungeon Overview and Level Annotations

Branches:
Dungeon (4/15)             Temple (1/1) D:4

Altars:
Ashenzari
Cheibriados
Dithmenos
Elyvilon
Fedhas
Gozag
Hepliaklqana
Kikubaaqudgha
Makhleb
Nemelex Xobeh
Okawaru
Qazlal
Ru
Sif Muna
Trog
Uskayaw
Vehumet
Wu Jian
Yredelemnul
Zin
The Shining One


Message History

* * * LOW HITPOINT WARNING * * *
You hit the centaur zombie!
Lightning courses through the centaur zombie!
You destroy the centaur zombie!
Okawaru accepts your kill.
You have reached level 6!
Your experience leads to an increase in your attributes!
Increase (S)trength, (I)ntelligence, or (D)exterity?
You feel agile. The quokka skeleton bites you.
* * * LOW HITPOINT WARNING * * *
You hit the quokka skeleton!
You destroy the quokka skeleton!
Okawaru accepts your kill.
The ogre hits you with a +0 giant spiked club!
* * * LOW HITPOINT WARNING * * *
Okay, then.
A worker ant comes into view.
The worker ant twitches its antennae in your direction.
Found a stone staircase leading up.
An orc comes into view.
Your magical infusion is running out.
The orc shouts!
The orc barely misses you. The orc hits you but does no damage.
The orc closely misses you.
You are no longer magically infusing your attacks.
The orc misses you.
There is a stone staircase leading up here.
There is a staircase to the Ecumenical Temple here.
All of the chunks of flesh in your inventory have rotted away.
The orc misses you. The orc barely misses you. The orc closely misses you.
The worker ant closely misses you. The worker ant misses you.
There is a stone staircase leading up here.
The worker ant bites you.
* * * LOW HITPOINT WARNING * * *
The worker ant bites you.
* * * LOW HITPOINT WARNING * * *
You are lethally poisoned!
The worker ant poisons you!
* * * LOW HITPOINT WARNING * * *
You feel sick.
* * * LOW HITPOINT WARNING * * *
You feel sick.
Really quaff
f - 2 fuming cyan potions {!q}?
It was a potion of resistance {!q}.
You feel protected. The worker ant barely misses you.
Really quaff
v - 3 glowing emerald potions {!q}?
It was a potion of brilliance {!q}.
You feel clever all of a sudden. The worker ant bites you.
* * * LOW HITPOINT WARNING * * *
Take off which item? (? for menu, Esc to quit)
Okay, then.
Really quaff
r - 2 sedimented ruby potions {!q}?
It was a potion of curing {!q}.
You feel better. The worker ant bites you.
* * * LOW HITPOINT WARNING * * *
The ogre hits you with a +0 giant spiked club!!
Ouch! That really hurt!
You die...

### ##... ####.##
.#... ##.#...###....
#..#.........#
##.........##.##
#..........#...# .
##.........#.<. ..
#......##.#.# #...
#..##..###@.###.....
###.....# #aO........
#o)#....####o....##.
###...##..###o..#.....
#..............## ....
##.........o#..# .##
#...#...#o.##..#
##.....##o.##..#
#....####..##....


You could see an ogre, a worker ant and 2 orcs.

Vanquished Creatures
  A centaur zombie (D:4)
  An orc priest (D:3)
  An orc wizard (D:3)
  4 adders (D:3)
  4 gnolls (D:3)
  A worm (D:2)
  2 dart slugs
  2 leopard geckos
  6 orcs
  2 giant cockroaches (D:3)
  6 goblins (D:1)
  5 hobgoblins
  3 jackals (D:3)
  2 quokkas
  A ball python (D:2)
  4 bats
  6 frilled lizards
  4 kobolds
  A quokka skeleton (D:4)
  8 rats
64 creatures vanquished.

Notes
Turn   | Place    | Note
-------+----------+-------------------------------------------
     0 | D:1      | Amnesiac the Merfolk Skald began the quest for the Orb.
     0 | D:1      | Reached XP level 1. HP: 16/16 MP: 3/3
   166 | D:1      | Reached XP level 2. HP: 16/22 MP: 5/5
   399 | D:3      | Reached XP level 3. HP: 26/27 MP: 6/6
   407 | D:2      | Learned a level 3 spell: Spectral Weapon
   909 | D:3      | Reached skill level 1 in Hexes
  1303 | D:3      | Reached XP level 4. HP: 28/33 MP: 3/7
  1518 | D:3      | Reached skill level 4 in Polearms
  1518 | D:3      | Reached XP level 5. HP: 32/38 MP: 1/8
  1919 | D:4      | Found a staircase to the Ecumenical Temple.
  1927 | Temple   | Entered the Ecumenical Temple
  1983 | Temple   | Became a worshipper of Warmaster Okawaru
  2011 | D:3      | Reached skill level 5 in Polearms
  2814 | D:4      | Noticed an ogre
  2829 | D:4      | Reached XP level 6. HP: 17/44 MP: 3/9
  2888 | D:4      | HP: 2/44 [worker ant (2)]
  2890 | D:4      | Demolished by an ogre

Levels and vault maps discovered:
D:1:      enne_arrival_octagon_isle, layout_basic
D:2:      layout_basic
D:3:      layout_rooms, serial_glass, glass_columns_c, glass_columns_a
D:4:      minmay_chambers_of_fours, layout_cave_pools,
          minmay_temple_entry_crystal_x, first_ration
Temple:   compressed_dpeg_circular_temple

Skill      XL: |  1  2  3  4  5 |
---------------+----------------+-----
Charms         | 4 |  4.5
Hexes          | 1 2 3 |  3.4
Polearms       | 4 5 |  5.6
Fighting       | |  2.1
Armour         | |  0.6
Dodging        | |  2.6
Spellcasting   | |  2.1

Action                   |  1- 3 |  4- 6 || total
-------------------------+-------+-------++-------
Melee: Dagger            |    76 |    93 ||   169
       Spear             |     3 |       ||     3
 Cast: Spectral Weapon   |     2 |     5 ||     7
       Infusion          |       |    10 ||    10
  Use: Potion            |       |     3 ||     3
 Stab: Sleeping          |       |     1 ||     1
  Eat: Chunk             |     1 |     6 ||     7
Armor: Leather armour    |    19 |    15 ||    34
Dodge: Dodged            |    58 |    72 ||   130

Table legend:
 A = Non-vault XP
 B = Vault XP
 C = Vault XP percentage of total XP
 D = Non-vault monster count
 E = Vault monster count
 F = Vault count percentage of total count
                 A         B        C        D         E       F
            +---------+---------+-------+---------+---------+-------
      Total |     336 |       0 |   0.0 |      64 |       0 |   0.0
            +---------+---------+-------+---------+---------+-------
        D:1 |      33 |       0 |   0.0 |      19 |       0 |   0.0
        D:2 |      22 |       0 |   0.0 |      13 |       0 |   0.0
        D:3 |     233 |       0 |   0.0 |      29 |       0 |   0.0
        D:4 |      48 |       0 |   0.0 |       3 |       0 |   0.0
            +---------+---------+-------+---------+---------+-------
